 Dungeon Crawl Stone Soup version 0.28-a0-1429-gf3d713df7a (webtiles) character file.

Game seed: 6687186392503425164

206 zap2161 the Chiller (level 5, 0/37 HPs)
             Began as a Merfolk Ice Elementalist on Jan 8, 2022.
             Succumbed to Duvessa's poison
             ... on level 4 of the Dungeon.
             The game lasted 00:17:20 (1733 turns).

zap2161 the Chiller (Merfolk Ice Elementalist)      Turns: 1733, Time: 00:17:21

Health: 0/37       AC:  2    Str:  8 (9)  XL:     5   Next: 84%
Magic:  9/10       EV: 13    Int: 13 (16) God:
Gold:   56         SH:  0    Dex: 13 (14) Spells: 5/11 levels left

rFire   . . .      SeeInvis .   s - +4 hand axe (vorpal)
rCold   . . .      Faith    .   (no shield)
rNeg    . . .      Spirit   .   g - +0 robe
rPois   .          Reflect  .   (no helmet)
rElec   .          Harm     .   (no cloak)
rCorr   .          Rampage  .   (no gloves)
Will    .....                   (no boots)
Stlth   ++........              f - amulet of magic regeneration
HPRegen 0.12/turn               (no ring)
MPRegen 0.52/turn               (no ring)

@: lethally poisoned (0 -> -11), flying
A: (nimble swimmer 2), mertail
a: no special abilities


You were on level 4 of the Dungeon.
You visited 1 branch of the dungeon, and saw 4 of its levels.

You collected 56 gold pieces.

Inventory:

Hand Weapons
 k - a +2 short sword of holy wrath
 s - a +4 vorpal hand axe (weapon)
Missiles
 a - 53 arrows
 c - 4 poisoned darts (quivered)
 e - 35 bolts
 h - 43 stones
 i - 25 sling bullets
Armour
 g - a +0 robe (worn)
Jewellery
 f - an amulet of magic regeneration (around neck)
Scrolls
 b - a scroll of blinking {unknown}
 j - a scroll of enchant weapon
 l - a scroll of immolation {unknown}
 m - a scroll of identify {unknown}
Potions
 o - a potion of invisibility {unknown}
 p - a potion of resistance {unknown}
 q - a potion of might {unknown}
 r - a potion of lignification {unknown}


   Skills:
 * Level 1.1 Fighting
 + Level 0.6 Short Blades
 * Level 1.0 Throwing
 * Level 3.1 Dodging
 + Level 2.3 Stealth
 * Level 3.5 Spellcasting
 * Level 1.0 Hexes
 * Level 5.7 Ice Magic


You had 5 spell levels left.
You knew the following spells:

 Your Spells              Type           Power      Damage    Failure   Level
a - Freeze                Ice            68%        1d8       1%          1
b - Ensorcelled Hibernat  Hex/Ice        22%        N/A       9%          2
c - Ozocubu's Armour      Ice            17%        N/A       6%          3

Your spell library contained the following spells:

 Spells                   Type           Power      Damage    Failure   Level
 Frozen Ramparts          Ice            34%        1d5       6%          3
 Spider Form              Tmut/Pois      2%         N/A       54%         3
 Hailstorm                Conj/Ice       9%         3d4       54%         4


Dungeon Overview and Level Annotations

Branches:
Dungeon (4/15)
 Temple: D:4-7

Altars:

Annotations:
D:4 Dowan, Duvessa


Innate Abilities, Weirdness & Mutations

((You are very nimble when in or above water. (Stealth+, EV+, Speed+++)))
Your lower body shifts to a powerful aquatic tail in water.


Message History

Duvessa, Sister of Dowan comes into view.
She is wielding a +1 short sword of venom.
Duvessa shouts!
You hear a shout!
Dowan, Brother of Duvessa comes into view.
He is wielding a +0 dagger.
Dowan casts a spell.
Dowan blinks!
Dowan moves out of view.
You hear the slow rusting of a very distant drain.
Duvessa hits you with a +1 short sword of venom!
You are lethally poisoned!
Casting: Freeze (safe; 1% risk of failure)
Confirm with . or Enter, or press ? or * to list all spells.
Aiming: Ensorcelled Hibernation (safe; 7% risk of failure)
Press: ? - help, Shift-Dir - straight line, f - Duvessa
Aim: Duvessa, wielding a +1 short sword of venom and wearing a +0 leather armour (chance to affect: 29%) Duvessa easily resists.
You feel very sick.
Duvessa hits you with a +1 short sword of venom!
* * * LOW HITPOINT WARNING * * *
Casting: Ensorcelled Hibernation (safe; 7% risk of failure)
Confirm with . or Enter, or press ? or * to list all spells.
Aiming: Freeze (safe; 1% risk of failure)
Press: ? - help, Shift-Dir - straight line, f/p - Duvessa
Aim: Duvessa, wielding a +1 short sword of venom and wearing a +0 leather armour You freeze Duvessa.
Duvessa is lightly wounded.
* * * LOW HITPOINT WARNING * * *
You feel very sick. Duvessa closely misses you.
You hear a splashing noise.
It was a potion of flight.
You feel very buoyant.
You fly up into the air.
* * * LOW HITPOINT WARNING * * *
You feel very sick.
Duvessa gestures with her weapon.
Duvessa closely misses you.
You hear a splashing noise.
It was a potion of degeneration.
There was something very wrong with that liquid.
You feel weakened.
You feel dopey.
You feel clumsy.
You die... #.≈PP≈♣ ≈P ♣## #.≈P≈≈≈ ♣PP

...
#.########..≈≈≈♣♣PPP≈..§
##..........PP≈≈≈≈♣P≈e...
#..#####....PPP≈≈≈♣PPP...
##..# #P≈≈P≈≈♣≈≈P≈.
#..<## ##.###..≈..P♣≈≈≈P
#....# ♣P.≈♣#.###PP≈P≈♣≈
#....# ≈≈≈ #.@e...P≈≈PP
#....# ♣♣≈♣♣####.####P.P
#.[..# ♣P.P♣ #.#
#....♣♣♣♣♣P≈P♣♣♣♣♣.#
#....P♣♣P♣≈.≈♣♣≈♣P.#
##....≈.≈≈≈≈.≈≈.≈..#
#...≈♣♣.♣≈≈≈.P≈P.##
#...♣♣♣♣♣♣≈♣♣♣♣♣♣# ####.
♣.≈♣


You could see Duvessa.

Vanquished Creatures
  Blork the orc (D:4)
  A jelly (D:3)
  Jessica (D:3)
  2 adders
  A dart slug (D:2)
  An orc (D:3)
  4 endoplasms
  2 giant cockroaches
  5 goblins
  7 hobgoblins
  3 jackals (D:2)
  8 kobolds
  4 quokkas
  4 ball pythons
  6 bats
  9 frilled lizards
  5 rats
64 creatures vanquished.

Vanquished Creatures (others)
  A plant (D:4)
1 creature vanquished.

Grand Total: 65 creatures vanquished

Notes
Turn   | Place    | Note
-------+----------+-------------------------------------------
     0 | D:1      | zap2161 the Merfolk Ice Elementalist began the quest for
                  | the Orb.
     0 | D:1      | Reached XP level 1. HP: 13/13 MP: 3/3
   115 | D:1      | Reached XP level 2. HP: 14/19 MP: 3/5
   237 | D:1      | Reached skill level 5 in Ice Magic
   252 | D:1      | Learned a level 2 spell: Ensorcelled Hibernation
   611 | D:2      | Found a faded altar of an unknown god.
   623 | D:2      | Reached XP level 3. HP: 23/24 MP: 4/6
   873 | D:2      | Reached XP level 4. HP: 31/31 MP: 5/7
   877 | D:2      | Learned a level 3 spell: Ozocubu's Armour
  1176 | D:3      | Noticed Jessica
  1562 | D:3      | Reached XP level 5. HP: 34/36 MP: 6/9
  1579 | D:3      | Killed Jessica
  1682 | D:4      | Noticed Blork the orc
  1694 | D:4      | Killed Blork the orc
  1695 | D:4      | Reached skill level 1 in Fighting
  1695 | D:4      | Reached skill level 1 in Throwing
  1695 | D:4      | Reached skill level 1 in Hexes
  1718 | D:4      | Noticed Duvessa
  1719 | D:4      | Noticed Dowan
  1733 | D:4      | Succumbed to Duvessa's poison

Illustrated notes

Levels and vault maps discovered:
D:1:      dpeg_arrival_central, layout_basic
D:2:      layout_basic, basic_ecumenical_altar
D:3:      layout_loops_corners, uniq_jessica
D:4:      layout_cave_pods, nicolae_qazlal_style_of_elements,
          nicolae_overflow_crystal_walls, minmay_temple_entry_statues,
          portal_sewer_entry_b, serial_bayou, serial_bayou_lagoon_b,
          serial_bayou_ford_a, serial_bayou_crossing, serial_bayou_lagoon_a,
          serial_bayou_shore_b, uniq_blork_the_orc, uniq_duvessa

Skill      XL: |  1  2  3  4  5 |
---------------+----------------+-----
Ice Magic      | 5 |  5.7
Dodging        | 3 |  3.1
Spellcasting   | 3 |  3.5
Fighting       | 1 |  1.1
Throwing       | 1 |  1.0
Hexes          | 1 |  1.0
Short Blades   | |  0.6
Stealth        | |  2.3

Action                   |  1- 3 |  4- 6 || total
-------------------------+-------+-------++-------
Melee: Short sword       |    40 |     8 ||    48
       Punch             |     2 |       ||     2
 Cast: Freeze            |    56 |    32 ||    88
       Ensorcelled Hiber |       |     5 ||     5
       Ozocubu's Armour  |       |     3 ||     3
  Use: Scroll            |       |     2 ||     2
       Potion            |       |     2 ||     2
 Stab: Sleeping          |     1 |     3 ||     4
Armor: Robe              |    17 |       ||    17
Dodge: Dodged            |    58 |    18 ||    76

Table legend: (Time is in decaauts)
 A = Elapsed time spent in this place.
 B = Non-inter-level travel time spent in this place.
 C = Inter-level travel time spent in this place.
 D = Time resting spent in this place.
 E = Time spent auto-exploring this place.
 F = Levels seen in this place.
 G = Mean time per level.
                   A        B        C        D        E       F      G
               +--------+--------+--------+--------+--------+-----+--------+
         Total |   1731 |   1731 |      0 |      0 |      0 |   4 |  432.8 |
       Dungeon |   1731 |   1731 |      0 |      0 |      0 |   4 |  432.8 |
               +--------+--------+--------+--------+--------+-----+--------+

Top non-repeatable levels by time:
     D:3: 655 daAuts
     D:1: 566 daAuts
     D:2: 452 daAuts
     D:4: 57 daAuts
